AoeStats
← Katalipsis1

Arabia

508085626Analyzed
2v2 RM · 13d ago on Sep 20, 2026· 27m 51s· 4 players
Game mode
Random Map
Map size
Medium (4 player)
Population
200
Speed
Normal
Resources
Standard
Victory
Conquest
Starting age
Dark Age
Ending age
Imperial Age
RankedLock teamsTeams togetherTeam positionsShared explorationLock speedFull tech treeHidden civsTurbo modeCheats
Victory
Defeat
🇦🇷 Berbers · Argentina
922
+14
🇦🇷 Tatars · Argentina
910
+16
🇧🇷 Vikings · Brazil
892
-15
🇧🇷 Mongols · Brazil
884
-15
Joe Camel
8:58 Loom
10:58 Feudal Age
20:19 Castle Age
20:48 Double-Bit Axe
22:35 Bow Saw
22:07 Horse Collar
22:19 Gold Mining
ViniCassi
10:26 Feudal Age
9:05 Loom
12:31 Double-Bit Axe
16:12 Castle Age
18:11 Pikeman
23:33 Padded Archer Armor
23:24 Fletching
24:07 Fletching
24:24 Scale Barding Armor
26:09 Chain Barding Armor
25:45 Bodkin Arrow
Katalipsis1
8:24 Loom
10:43 Feudal Age
11:11 Double-Bit Axe
12:59 Gold Mining
22:43 Castle Age
22:37 Fletching
23:26 Bodkin Arrow
27:47 Ballistics
28:32 Gold Shaft Mining
28:07 Town Watch
khlosada
2:08 Loom
11:33 Feudal Age
21:55 Castle Age
Connection lost

Rejoining the realm…

Still unreachable

The connection could not be restored.

Session expired

The server has moved on; the page needs a fresh start.